 Dungeon Crawl Stone Soup version 0.31-a0-165-g3f4f80340b (webtiles) character file.

Game seed: 11449277892511374034

1834 qw the Skirmisher (level 9, -3/81 HPs)
             Began as a Naga Hunter on June 13, 2023.
             Was a Follower of Okawaru.
             Slain by a killer bee (6 damage)
             ... on level 7 of the Dungeon.
             The game lasted 00:02:13 (5816 turns).

qw the Skirmisher (Naga Hunter)                     Turns: 5816, Time: 00:02:13

Health: -3/81      AC:  8    Str: 13    XL:     9   Next: 11%
Magic:  11/12      EV: 14    Int: 10    God:    Okawaru [*.....]
Gold:   153        SH:  0    Dex: 19    Spells: 8/8 levels left

rFire   + . .        Y - +0 orcbow
rCold   + . .        (shield currently unavailable)
rNeg    . . .        c - +2 leather armour {rC+}
rPois   +            m - +0 helmet
rElec   .            (no cloak)
rCorr   .            (no gloves)
SInv    +            (no barding)
Will    +....        (no amulet)
Stlth   +++          a - ring of protection from fire
HPRegen 0.33/turn    (no ring)
MPRegen 0.13/turn

%: no passive effects
@: lethally poisoned (-3 -> -4), short of breath, heroic, very slow
A: AC +3, large, see invisible, deformed body, poison resistance, slowness 2,
spit poison 1, naga tail 1
a: Spit Poison, Renounce Religion, Heroism


You were on level 7 of the Dungeon.
You worshipped Okawaru.
Okawaru was aware of your devotion.
You visited 1 branch of the dungeon, and saw 7 of its levels.
You also visited: Sewer.

You collected 370 gold pieces.
You spent 217 gold pieces at shops.


Innate Abilities, Weirdness & Mutations

Your serpentine skin is tough. (AC +3)
You have supernaturally acute eyesight. (SInv)
Armour fits poorly on your strangely shaped body.
Your system is resistant to poisons. (rPois)
You cover ground very slowly.
You can spit poison.
You have a snake-like lower body.


   Skills:
 + Level 5.2(10.2) Fighting
 - Level 9.0(14.0) Ranged Weapons
 - Level 1.1(6.1) Armour
 - Level 3.0(8.0) Dodging
 - Level 1.5(6.5) Stealth
 - Level 4.0 Invocations


You had 8 spell levels left.
You didn't know any spells.
Your spell library was empty.

Inventory:

Hand Weapons
 Y - a +0 orcbow (weapon)
Armour
 c - a +2 leather armour of cold resistance (worn)
 j - a +0 leather armour of fire resistance
 l - a +2 robe of willpower
 m - a +0 helmet (worn)
Jewellery
 a - a ring of protection from fire (left hand)
 b - the ring "Baxih" {Fire +Blink rPois}
   (You found it on level 3 of the Dungeon)

   [ring of fire]

   It enhances your fire magic.
   rF:        It protects you from fire.
   rC:        It makes you vulnerable to cold.
   rPois:     It protects you from poison.
   +Blink:    It lets you blink.
Scrolls
 k - 4 scrolls of identify
Potions
 d - a potion of magic
 e - a potion of degeneration {unknown}
 g - 2 potions of curing
 h - 2 potions of might

Dungeon Overview and Level Annotations

Branches:
Dungeon (7/15)             Temple (0/1) D:6           Sewer (visited)

Altars:
Ashenzari
Cheibriados
Dithmenos
Hepliaklqana
Nemelex Xobeh
Okawaru
Vehumet
Yredelemnul

Shops:
D:4 :   D:6 [

Annotations:
D:6 1 runed translucent door, Crazy Yiuf


Message History

5809 ||| INVOKING Spit Poison.
Aiming: Spit Poison (1% risk of failure)
Press: ? - help, Shift-Dir - straight line, f/p - killer bee The splash of poison hits the killer bee!
You kill the killer bee!
Okawaru accepts your kill.
You feel very sick. The killer bee closely misses you.
The killer bee barely misses you.
You shoot an arrow.
The arrow closely misses the killer bee.
The arrow hits the killer bee.
The killer bee is lightly wounded.
You feel sick. The killer bee completely misses you.
You shoot an arrow. The arrow misses the killer bee.
The arrow closely misses the killer bee.
You feel sick.
The killer bee stings you but does no damage.
You shoot an arrow. The arrow barely misses the killer bee.
You feel sick. The killer bee barely misses you. The killer bee misses you.
The killer bee closely misses you. x2
You shoot an arrow.
The arrow closely misses the killer bee.
You have got your breath back.
You feel sick. The killer bee barely misses you.
The killer bee stings you but does no damage.
5814 ||| INVOKING Spit Poison.
Aiming: Spit Poison (1% risk of failure)
Press: ? - help, Shift-Dir - straight line, f/p - killer bee The splash of poison misses the killer bee.
You feel sick.
The killer bee stings you but does no damage.
The killer bee stings you. The killer bee barely misses you.
The killer bee stings you.
You shoot an arrow. The arrow hits the killer bee!
The killer bee is severely wounded.
You feel sick. The killer bee stings you. The killer bee closely misses you.
The killer bee stings you. The killer bee barely misses you.
You shoot an arrow. The arrow misses the killer bee.
You feel sick. The killer bee stings you.
You die...

#####.............#
#..##.............#
..................#
..................#
...###+####..###.##########
...# #..###.?......... ##+#
.....#...#........
......#...#........ .###
##@y######### #y##


.yy +.... ###### You could see 4 killer bees.

Vanquished Creatures
  2 ice beasts
  2 black bears
  An ogre (D:5)
  A centaur (D:5)
  2 kobold brigands
  A gnoll sergeant (D:6)
  2 scorpions (D:5)
  A bullfrog (D:7)
  A water moccasin zombie (D:4)
  4 wights (D:6)
  2 killer bees (D:7)
  2 jellies
  4 hounds
  2 orc wizards
  A scorpion zombie (D:4)
  2 iguanas (D:6)
  5 gnolls
  6 adders
  5 river rats
  A shadow imp (D:6)
  An ufetubus (D:6)
  3 dart slugs
  12 orcs
  8 ball pythons
  9 endoplasms
  8 giant cockroaches
  9 goblins
  4 hobgoblins
  11 jackals
  3 quokkas
  2 bats
  2 frilled lizards
  10 kobolds
  10 rats
139 creatures vanquished.

Notes
Turn   | Place    | Note
-------+----------+-------------------------------------------
     0 | D:1      | qw the Naga Hunter began the quest for the Orb.
     0 | D:1      | Reached XP level 1. HP: 19/19 MP: 1/1
     0 | D:1      | 0 ||| qw: Version: 0.2-a-29-gc1b59c4
     0 | D:1      | 0 ||| qw: Game counter: 4811
     0 | D:1      | 0 ||| qw: Always use a shield: true
     0 | D:1      | 0 ||| qw: God list: Okawaru
     0 | D:1      | 0 ||| qw: Allow faded altars: false
     0 | D:1      | 0 ||| qw: Do Orc after D:15 true
     0 | D:1      | 0 ||| qw: Do second Lair branch before Depths: true
     0 | D:1      | 0 ||| qw: Lair rune preference: random
     0 | D:1      | 0 ||| qw: Plans: Normal
     0 | D:1      | 0 ||| PLANNING D:1-11
     7 | D:1      | 7 ||| INVOKING Spit Poison.
    43 | D:1      | 43 ||| INVOKING Spit Poison.
    94 | D:1      | 94 ||| INVOKING Spit Poison.
    98 | D:1      | 98 ||| INVOKING Spit Poison.
   101 | D:1      | 101 ||| INVOKING Spit Poison.
   102 | D:1      | Reached skill level 4 in Ranged Weapons
   102 | D:1      | Reached XP level 2. HP: 25/26 MP: 2/2
   106 | D:1      | 106 ||| INVOKING Spit Poison.
   155 | D:1      | 155 ||| INVOKING Spit Poison.
   158 | D:1      | 158 ||| INVOKING Spit Poison.
   164 | D:1      | 164 ||| INVOKING Spit Poison.
   171 | D:1      | 171 ||| INVOKING Spit Poison.
   212 | D:1      | 212 ||| INVOKING Spit Poison.
   215 | D:1      | Reached XP level 3. HP: 25/32 MP: 3/3
   244 | D:1      | Found a faded altar of an unknown god.
   276 | D:1      | 276 ||| INVOKING Spit Poison.
   295 | D:1      | 295 ||| INVOKING Spit Poison.
   301 | D:1      | 301 ||| INVOKING Spit Poison.
   398 | D:1      | 398 ||| INVOKING Spit Poison.
   496 | D:1      | 496 ||| INVOKING Spit Poison.
   529 | D:1      | 529 ||| INVOKING Spit Poison.
   530 | D:1      | 530 ||| INVOKING Spit Poison.
   561 | D:1      | 561 ||| INVOKING Spit Poison.
   626 | D:1      | 626 ||| INVOKING Spit Poison.
   629 | D:1      | 629 ||| INVOKING Spit Poison.
   670 | D:1      | 670 ||| INVOKING Spit Poison.
   785 | D:1      | 785 ||| INVOKING Spit Poison.
   829 | D:1      | 829 ||| INVOKING Spit Poison.
   947 | D:1      | 947 ||| DROPPING ring of wizardry.
   948 | D:1      | 948 ||| READING scroll labelled BYSHRI ZOBUIFE.
   949 | D:1      | 949 ||| READING scroll labelled ANEYRIETHRY.
   950 | D:1      | 950 ||| READING scroll labelled GUELEINIZIA.
   954 | D:1      | 954 ||| DRINKING 2 clear potions.
   955 | D:1      | 955 ||| DROPPING scroll of butterflies.
   956 | D:1      | 956 ||| DROPPING potion of invisibility.
  1077 | D:2      | 1077 ||| INVOKING Spit Poison.
  1196 | D:2      | 1196 ||| INVOKING Spit Poison.
  1224 | D:2      | 1224 ||| INVOKING Spit Poison.
  1231 | D:2      | 1231 ||| INVOKING Spit Poison.
  1235 | D:2      | 1235 ||| INVOKING Spit Poison.
  1239 | D:2      | Reached skill level 5 in Ranged Weapons
  1239 | D:2      | Reached XP level 4. HP: 36/39 MP: 4/4
  1256 | D:2      | 1256 ||| INVOKING Spit Poison.
  1324 | D:2      | 1324 ||| INVOKING Spit Poison.
  1329 | D:2      | 1329 ||| INVOKING Spit Poison.
  1343 | D:2      | 1343 ||| INVOKING Spit Poison.
  1591 | D:2      | 1591 ||| INVOKING Spit Poison.
  1598 | D:2      | 1598 ||| UPGRADING to ring of protection from fire.
  1599 | D:2      | 1599 ||| READING scroll labelled XIGUCIECZU.
  1600 | D:2      | 1600 ||| DRINKING 2 blue potions.
  1624 | D:3      | 1624 ||| INVOKING Spit Poison.
  1628 | D:3      | 1628 ||| INVOKING Spit Poison.
  1646 | D:3      | 1646 ||| INVOKING Spit Poison.
  1651 | D:3      | 1651 ||| INVOKING Spit Poison.
  1655 | D:3      | Reached skill level 3 in Fighting
  1667 | D:3      | 1667 ||| FLEEEEING.
  1677 | D:3      | Reached XP level 5. HP: 47/49 MP: 5/5
  1694 | D:3      | Found an iron altar of Okawaru.
  1695 | D:3      | 1695 ||| PLANNING OKAWARU WORSHIP
  1706 | D:3      | Became a worshipper of Warmaster Okawaru
  1706 | D:3      | 1706 ||| PLANNING D:1-11
  1708 | D:3      | Identified the ring "Baxih" {Fire +Blink rPois}
  1729 | D:3      | 1729 ||| INVOKING Spit Poison.
  1764 | D:3      | 1764 ||| INVOKING Spit Poison.
  1794 | D:3      | Found a sparkling altar of Nemelex Xobeh.
  1870 | D:3      | 1870 ||| INVOKING Spit Poison.
  1897 | D:3      | Found a hazy altar of Hepliaklqana.
  1987 | D:3      | 1987 ||| READING scroll labelled FUESOT NOFYTS.
  1988 | D:3      | 1988 ||| READING scroll labelled DOKKIM ECEIKH.
  1989 | D:3      | 1989 ||| DRINKING 2 fizzy grey potions.
  1990 | D:3      | 1990 ||| DROPPING potion of enlightenment.
  2084 | D:4      | 2084 ||| INVOKING Spit Poison.
  2090 | D:4      | 2090 ||| INVOKING Spit Poison.
  2141 | D:4      | 2141 ||| INVOKING Spit Poison.
  2156 | D:4      | 2156 ||| INVOKING Spit Poison.
  2160 | D:4      | 2160 ||| INVOKING Spit Poison.
  2164 | D:4      | 2164 ||| INVOKING Spit Poison.
  2172 | D:4      | 2172 ||| INVOKING Spit Poison.
  2178 | D:4      | 2178 ||| INVOKING Spit Poison.
  2189 | D:4      | 2189 ||| INVOKING Spit Poison.
  2215 | D:4      | 2215 ||| READING scroll of brand weapon.
  2215 | D:4      | 2215 ||| BRANDING +0 shortbow of flaming.
  2385 | D:4      | 2385 ||| INVOKING Spit Poison.
  2427 | D:4      | Reached skill level 6 in Ranged Weapons
  2427 | D:4      | Reached XP level 6. HP: 30/56 MP: 6/6
  2519 | D:4      | Found a basalt altar of Yredelemnul.
  2554 | D:4      | Found Fepol's Book Shop.
  2633 | D:4      | 2633 ||| READING scroll labelled CANLUD UNUIDEI.
  2726 | D:4      | 2726 ||| READING scroll labelled YRA COTYJUUGUGH.
  2727 | D:4      | 2727 ||| DRINKING 2 ruby potions.
  2728 | D:4      | 2728 ||| READING 4 scrolls of identify.
  2728 | D:4      | 2728 ||| IDENTIFYING glowing ruby potion
  2729 | D:4      | 2729 ||| READING 3 scrolls of identify.
  2729 | D:4      | 2729 ||| IDENTIFYING bubbling blue potion
  2730 | D:4      | 2730 ||| READING 2 scrolls of identify.
  2730 | D:4      | 2730 ||| IDENTIFYING fizzy emerald potion
  2731 | D:4      | 2731 ||| DROPPING potion of brilliance.
  2732 | D:4      | 2732 ||| DROPPING potion of berserk rage.
  2756 | D:5      | Entered Level 5 of the Dungeon
  2757 | D:5      | 2757 ||| PLANNING SEWER
  2759 | D:5      | 2759 ||| INVOKING Spit Poison.
  2816 | D:5      | Noticed an ice beast
  2824 | D:5      | Killed an ice beast
  2824 | D:5      | Reached * piety under Okawaru
  2825 | D:5      | Reached XP level 7. HP: 33/64 MP: 7/7
  3002 | D:5      | 3002 ||| INVOKING Heroism.
  3003 | D:5      | 3003 ||| INVOKING Spit Poison.
  3042 | D:5      | 3042 ||| INVOKING Spit Poison.
  3043 | D:5      | Reached skill level 1 in Invocations
  3070 | D:5      | 3070 ||| INVOKING Spit Poison.
  3091 | D:5      | 3091 ||| INVOKING Spit Poison.
  3093 | D:5      | 3093 ||| INVOKING Heroism.
  3094 | D:5      | 3094 ||| INVOKING Spit Poison.
  3202 | D:5      | 3202 ||| SWAPPING to +0 orcbow.
  3203 | D:5      | 3203 ||| DROPPING +0 heavy shortbow.
  3213 | D:5      | 3213 ||| INVOKING Heroism.
  3247 | D:5      | 3247 ||| INVOKING Spit Poison.
  3253 | D:5      | 3253 ||| INVOKING Spit Poison.
  3257 | D:5      | Reached skill level 7 in Ranged Weapons
  3272 | D:5      | Found a glowing drain.
  3273 | D:5      | 3273 ||| INVOKING Spit Poison.
  3308 | Sewer    | Entered a sewer
  3309 | Sewer    | 3309 ||| INVOKING Spit Poison.
  3316 | Sewer    | 3316 ||| INVOKING Spit Poison.
  3367 | Sewer    | Reached skill level 3 in Invocations
  3369 | Sewer    | 3369 ||| INVOKING Spit Poison.
  3375 | Sewer    | 3375 ||| INVOKING Spit Poison.
  3379 | Sewer    | 3379 ||| INVOKING Spit Poison.
  3384 | Sewer    | 3384 ||| INVOKING Spit Poison.
  3386 | Sewer    | 3386 ||| INVOKING Heroism.
  3388 | Sewer    | 3388 ||| INVOKING Spit Poison.
  3395 | Sewer    | 3395 ||| INVOKING Spit Poison.
  3397 | Sewer    | Reached XP level 8. HP: 26/72 MP: 8/10
  3557 | Sewer    | Found a glowing silver altar of Zin.
  3598 | D:5      | 3598 ||| PLANNING D:1-11
  3626 | D:5      | Found a broken altar of Ashenzari.
  3673 | D:5      | 3673 ||| INVOKING Spit Poison.
  3676 | D:5      | 3676 ||| INVOKING Spit Poison.
  3750 | D:5      | 3750 ||| INVOKING Spit Poison.
  3755 | D:5      | 3755 ||| INVOKING Spit Poison.
  3762 | D:5      | 3762 ||| INVOKING Spit Poison.
  3766 | D:5      | 3766 ||| INVOKING Heroism.
  3917 | D:5      | 3917 ||| INVOKING Spit Poison.
  3921 | D:5      | 3921 ||| INVOKING Spit Poison.
  4019 | D:5      | Found a radiant altar of Vehumet.
  4019 | D:5      | Found a snail-covered altar of Cheibriados.
  4295 | D:5      | 4295 ||| UPGRADING to +0 leather armour of fire resistance.
  4305 | D:5      | 4305 ||| DROPPING +0 leather armour.
  4347 | D:6      | 4347 ||| INVOKING Spit Poison.
  4364 | D:6      | Found Veparel's Antique Armour Shop.
  4376 | D:6      | 4376 ||| BUYING runed leather armour (125 gold).
  4376 | D:6      | Bought a runed leather armour for 125 gold pieces
  4376 | D:6      | 4376 ||| BUYING runed robe (92 gold).
  4376 | D:6      | Bought a runed robe for 92 gold pieces
  4406 | D:6      | 4406 ||| INVOKING Spit Poison.
  4407 | D:6      | 4407 ||| INVOKING Spit Poison.
  4410 | D:6      | 4410 ||| INVOKING Spit Poison.
  4414 | D:6      | 4414 ||| INVOKING Spit Poison.
  4496 | D:6      | 4496 ||| INVOKING Heroism.
  4499 | D:6      | Reached skill level 8 in Ranged Weapons
  4582 | D:6      | 4582 ||| INVOKING Heroism.
  4586 | D:6      | 4586 ||| INVOKING Spit Poison.
  4588 | D:6      | HP: 17/68 [wight/+0 hand axe (5)]
  4589 | D:6      | 4589 ||| READING scroll of teleportation.
  4590 | D:6      | 4590 ||| DRINKING 5 potions of heal wounds.
  4591 | D:6      | 4591 ||| INVOKING Spit Poison.
  4593 | D:6      | 4593 ||| DRINKING 4 potions of heal wounds.
  4594 | D:6      | Found a shadowy altar of Dithmenos.
  4597 | D:6      | 4597 ||| INVOKING Spit Poison.
  4601 | D:6      | 4601 ||| INVOKING Heroism.
  4604 | D:6      | 4604 ||| INVOKING Spit Poison.
  4611 | D:6      | 4611 ||| INVOKING Spit Poison.
  4736 | D:6      | 4736 ||| INVOKING Spit Poison.
  4742 | D:6      | 4742 ||| INVOKING Spit Poison.
  4745 | D:6      | 4745 ||| Stepping ~*~*~tactically~*~*~ (outnumbered).
  4768 | D:6      | 4768 ||| INVOKING Spit Poison.
  4771 | D:6      | 4771 ||| Stepping ~*~*~tactically~*~*~ (outnumbered).
  4773 | D:6      | 4773 ||| INVOKING Spit Poison.
  4777 | D:6      | 4777 ||| INVOKING Spit Poison.
  4782 | D:6      | 4782 ||| INVOKING Spit Poison.
  4783 | D:6      | HP: 11/67 [gnoll sergeant/+1 heavy trident (7)]
  4784 | D:6      | 4784 ||| DRINKING 3 potions of heal wounds.
  4785 | D:6      | 4785 ||| DRINKING 2 potions of heal wounds.
  4787 | D:6      | 4787 ||| INVOKING Heroism.
  4788 | D:6      | 4788 ||| INVOKING Spit Poison.
  4952 | D:6      | 4952 ||| INVOKING Spit Poison.
  4956 | D:6      | 4956 ||| INVOKING Spit Poison.
  4960 | D:6      | 4960 ||| INVOKING Spit Poison.
  5087 | D:6      | 5087 ||| INVOKING Spit Poison.
  5090 | D:6      | 5090 ||| INVOKING Spit Poison.
  5094 | D:6      | 5094 ||| INVOKING Spit Poison.
  5101 | D:6      | 5101 ||| INVOKING Spit Poison.
  5212 | D:6      | Reached skill level 9 in Ranged Weapons
  5212 | D:6      | Reached XP level 9. HP: 68/81 MP: 12/12
  5368 | D:6      | Found a staircase to the Ecumenical Temple.
  5464 | D:6      | Found a runed translucent door.
  5465 | D:6      | Noticed Crazy Yiuf
  5653 | D:6      | 5653 ||| UPGRADING to +2 leather armour of cold resistance.
  5663 | D:6      | 5663 ||| UPGRADING to +0 helmet.
  5668 | D:6      | 5668 ||| READING scroll labelled PYRUKAENOLU.
  5669 | D:6      | 5669 ||| DRINKING 2 inky potions.
  5719 | D:7      | 5719 ||| INVOKING Spit Poison.
  5721 | D:7      | Reached skill level 1 in Armour
  5796 | D:7      | 5796 ||| INVOKING Spit Poison.
  5801 | D:7      | Reached skill level 3 in Dodging
  5802 | D:7      | 5802 ||| INVOKING Spit Poison.
  5803 | D:7      | 5803 ||| INVOKING Heroism.
  5806 | D:7      | HP: 18/81 [poisoned by a killer bee]
  5807 | D:7      | 5807 ||| DRINKING potion of heal wounds.
  5809 | D:7      | 5809 ||| INVOKING Spit Poison.
  5811 | D:7      | HP: 18/81 [poisoned by a killer bee]
  5814 | D:7      | 5814 ||| INVOKING Spit Poison.
  5815 | D:7      | HP: 8/81 [killer bee (2)]
  5816 | D:7      | HP: 3/81 [poisoned by a killer bee]
  5816 | D:7      | Slain by a killer bee

Levels and vault maps discovered:
D:1:      dpeg_arrival_arbitrary_a, layout_basic,
          dilly_ecumenical_altar_fadedgnrine
D:2:      layout_basic
D:3:      layout_basic, lemuel_coloured_pillars_altar,
          okawaru_metal_pillars_1_2, nicolae_hepliaklqana_hazy_memory
D:4:      layout_loops_cross, lemuel_zombie_altar_yredelemnul, serial_shops,
          nicolae_shop_tiny_real_fake_doors
D:5:      layout_gridville, ashenzari_conservatory_becter,
          gammafunk_temple_overflow_wave, portal_sewer_entry_e, st_stairs_7,
          kennysheep_generic_room_5
D:6:      layout_basic, nicolae_dithmenos_shadow_blocks,
          minmay_temple_entry_offerings, serial_shops, nicolae_shop_waterfront,
          uniq_crazy_yiuf_cottage
D:7:      layout_gridville, mainiacjoe_overflow_brackets,
          mainiacjoe_overflow_catwalk_spiral

Skill      XL: |  1  2  3  4  5  6  7  8  9 |
---------------+----------------------------+-----
Ranged Weapons | 4 5 6 7 9 |  9.0
Fighting       | 3 4 5 |  5.2
Dodging        | 2 3 |  3.0
Invocations    | 3 4 |  4.0
Armour         | 1 |  1.1
Stealth        | |  1.5

Action                     |  1- 3 |  4- 6 |  7- 9 || total
---------------------------+-------+-------+-------++-------
   Fire: Shortbow          |    59 |    86 |    10 ||   155
         Orcbow            |       |       |   209 ||   209
 Invoke: Heroism           |       |       |    10 ||    10
Ability: Spit Poison       |    28 |    23 |    51 ||   102
    Use: Scroll            |     3 |     9 |     2 ||    14
         Potion            |     1 |     3 |     6 ||    10
 Armour: Leather armour    |     3 |    12 |    35 ||    50
  Dodge: Dodged            |    11 |    13 |   124 ||   148

Table legend:
 A = Non-vault XP
 B = Vault XP
 C = Vault XP percentage of total XP
 D = Non-vault monster count
 E = Vault monster count
 F = Vault count percentage of total count
                 A         B        C        D         E       F
            +---------+---------+-------+---------+---------+-------
      Total |    2177 |     444 |  16.9 |     117 |      22 |  15.8
            +---------+---------+-------+---------+---------+-------
        D:1 |      66 |       0 |   0.0 |      32 |       0 |   0.0
        D:2 |      49 |       0 |   0.0 |      16 |       0 |   0.0
        D:3 |      66 |       0 |   0.0 |      13 |       0 |   0.0
        D:4 |      93 |     116 |  55.5 |      16 |       2 |  11.1
        D:5 |     783 |     195 |  19.9 |      10 |      10 |  50.0
        D:6 |     903 |       0 |   0.0 |      27 |       0 |   0.0
        D:7 |     217 |       0 |   0.0 |       3 |       0 |   0.0
      Sewer |       0 |     133 | 100.0 |       0 |      10 | 100.0
            +---------+---------+-------+---------+---------+-------
